 Dungeon Crawl Stone Soup version 0.31-a0-845-g9abc20d24f (webtiles) character file.

Game seed: 15372185777450932104

1349 Flugkiller the Cutter (level 8, -4/44 HPs)
             Began as a Vine Stalker Gladiator on Oct 1, 2023.
             Slain by a water moccasin (5 damage)
             ... on level 5 of the Dungeon.
             The game lasted 00:03:20 (3292 turns).

Flugkiller the Cutter (Vine Stalker Gladiator)      Turns: 3292, Time: 00:03:20

Health: -4/44      AC:  7    Str: 17    XL:     8   Next: 63%
Magic:  0/9        EV: 14    Int:  8    God:
Gold:   272        SH:  0    Dex: 22    Spells: 7/7 levels left

rFire   . . .        o - +3 dagger (venom)
rCold   . . .        (no shield)
rNeg    + . .        y - +0 ring mail of Gaocvif {rN+ Will+ Dex+4}
rPois   .            c - +0 helmet
rElec   .            (no cloak)
rCorr   .            (no gloves)
SInv    .            j - +0 pair of boots
Will    ++++.        (no amulet)
Stlth   +            m - ring of willpower
HPRegen 1.07/turn    (no ring)
MPRegen 0.11/turn

%: guardian spirit
@: lethally poisoned (-4 -> -7), enlightened, flying
A: fangs 3, regeneration 1, magic shield, antimagic bite, no potion heal 2
a: no special abilities


You were on level 5 of the Dungeon.
You visited 1 branch of the dungeon, and saw 5 of its levels.

You collected 272 gold pieces.

Inventory:

Hand Weapons
 a - a +0 rapier
 o - a +3 dagger of venom (weapon)
   (You took it off an orc wizard on level 3 of the Dungeon)
 v - a +4 dagger
   (You took it off Dowan on level 4 of the Dungeon)
Missiles
 d - 3 throwing nets (quivered)
 e - a javelin
Armour
 c - a +0 helmet (worn)
 j - a +0 pair of boots (worn)
   (You found it on level 2 of the Dungeon)
 u - a +0 leather armour of poison resistance
   (You took it off Ijyb on level 4 of the Dungeon)
 y - the +0 ring mail of Gaocvif (worn) {rN+ Will+ Dex+4}
   (You found it on level 5 of the Dungeon)

   Dex+4:     It affects your dexterity (+4).
   rN+:       It protects you from negative energy.
   Will+:     It increases your willpower.
 C - a +0 buckler
   (You found it on level 5 of the Dungeon)
Jewellery
 m - a ring of willpower (left hand)
   (You found it on level 2 of the Dungeon)
Wands
 r - a wand of roots (5)
   (You found it on level 3 of the Dungeon)
 t - a wand of flame (5)
   (You took it off Ijyb on level 4 of the Dungeon)
 B - a wand of charming (10)
   (You found it on level 5 of the Dungeon)
Scrolls
 b - a scroll of fog {unknown}
 f - 2 scrolls of poison
 g - a scroll of enchant armour {unknown}
 h - a scroll of vulnerability {unknown}
 i - a scroll of torment {unknown}
 k - a scroll of brand weapon {unknown}
 l - 3 scrolls of immolation {unknown}
 n - a scroll of noise {unknown}
 p - a scroll of identify {unknown}
 z - 2 scrolls of blinking
 A - a scroll of teleportation {unknown}
Potions
 q - a potion of enlightenment
 s - a potion of lignification {unknown}
 w - a potion of heal wounds
 x - a potion of curing {unknown}
 D - a potion of berserk rage {unknown}


   Skills:
 + Level 5.7 Fighting
 + Level 6.0 Short Blades
 - Level 1.7 Throwing
 + Level 5.4 Dodging


You had 7 spell levels left.
You didn't know any spells.
Your spell library contained the following spells:

 Spells                   Type           Power      Damage    Failure   Level
 Cigotuvi's Dreadful Rot  Necr/Pois/Air  0%         N/A       77%         2
 Dispel Undead            Necr           0%         3d6       100%        4
 Conjure Ball Lightning   Conj/Air       0%         3x3d6     100%        6
 Death Channel            Necr           0%         N/A       100%        6
 Discord                  Hex            0%         N/A       100%        8
 Disjunction              Tloc           0%         N/A       100%        8


Dungeon Overview and Level Annotations

Branches:
Dungeon (5/15) Zot: 26414
 Temple: D:4-7

Altars:
Okawaru

Annotations:
D:5 Menkaure


Innate Abilities, Weirdness & Mutations

You have razor-sharp teeth.
Your natural rate of healing is unusually fast.
When hurt, damage is shared between your health and your magic reserves.
Your bite disrupts and absorbs the magic of your enemies.
Potions cannot restore your health.


Message History

The iguana bites you but does no damage.
You hit the iguana but do no damage.
The iguana looks as sick as possible!
You bite the iguana. You drain its power.
You feel invigorated.
The iguana is severely wounded.
You hit the iguana but do no damage.
The iguana looks as sick as possible!
You bite the iguana.
You kill the iguana!
You see here an iguana corpse.
You see here an iguana corpse.
HP restored.
You see here a +0 buckler.
C - a +0 buckler
Found a stone staircase leading up.
D - a grey potion You now have 272 gold pieces (gained 14).
There is a stone staircase leading up here.
A scorpion comes into view.
A scorpion is nearby!
An iguana comes into view.
The iguana hisses angrily.
The scorpion stings you but does no damage.
The scorpion stings you.
You hit the scorpion.
The scorpion is lightly wounded.
The iguana bites you!
You barely miss the scorpion.
You bite the scorpion, but do no damage.
The scorpion is lightly wounded.
The scorpion closely misses you.
You closely miss the scorpion.
The scorpion is lightly wounded.
The scorpion completely misses you. The iguana barely misses you.
You hit the scorpion.
The scorpion is poisoned.
You bite the scorpion, but do no damage.
The scorpion is lightly wounded.
The scorpion stings you but does no damage.
The iguana closely misses you.
A gnoll comes into view. It is wielding a +0 club.
You barely miss the scorpion. You bite the scorpion. You drain its power.
You feel invigorated.
The scorpion is heavily wounded.
A water moccasin comes into view.
The scorpion completely misses you. The iguana bites you!
A gnoll comes into view. It is wielding a +0 spear.
You closely miss the scorpion.
The scorpion is heavily wounded.
The water moccasin hisses angrily.
The gnoll shouts!
You hear a shout! x2
The scorpion barely misses you.
Menkaure, Prince of Dust comes into view.
You closely miss the scorpion. Your punch misses the scorpion.
Your bite misses the scorpion.
The scorpion is severely wounded.
You kill the scorpion!
The iguana misses you.
Your Short Blades skill increases to level 6!
You hit the gnoll. You bite the gnoll, but do no damage.
The gnoll is moderately wounded.
A gnoll comes into view. It is wielding a +0 halberd.
The gnoll hits you with a +0 flail. The iguana misses you.
The gnoll attacks as it pursues you! The gnoll hits you with a +0 flail.
The gnoll attacks as it pursues you! The gnoll barely misses you.
The iguana bites you.
Menkaure says, "Why can't you leave me to my rest?"
The gnoll attacks as it pursues you! The gnoll hits you with a +0 flail.
The iguana attacks as it pursues you! The iguana bites you!
The water moccasin misses you. The water moccasin bites you!
You are poisoned.
The water moccasin poisons you! The gnoll attacks as it pursues you!
The gnoll barely misses you.
You feel very sick.
You feel very sick. The water moccasin closely misses you.
You feel sick.
The water moccasin attacks as it pursues you!
The water moccasin closely misses you.
You feel sick.
It was a potion of enlightenment.
You feel very buoyant.
You fly up into the air.
You feel sick. The water moccasin misses you.
The water moccasin closely misses you.
You hit the water moccasin. Your bite misses the water moccasin.
The water moccasin is lightly wounded.
You feel sick. The water moccasin barely misses you.
You miss the water moccasin.
The water moccasin is lightly wounded.
You feel sick. The water moccasin bites you.
* * * LOW HITPOINT WARNING * * *
You hit the water moccasin.
The water moccasin is poisoned.
Your bite misses the water moccasin.
The water moccasin is moderately wounded.
The water moccasin bites you.
* * * LOW HITPOINT WARNING * * *
You are lethally poisoned!
The water moccasin poisons you!
It was a potion of heal wounds.
That seemed strangely inert.
w - a potion of heal wounds;
h - a scroll labelled YTWURI OVICEZE
* * * LOW HITPOINT WARNING * * *
You feel very sick. The water moccasin bites you.
You die...

##..............##
##...............#
................#
#................#
#................#
#................. #
#................. ..
#.#............... ...
#@#...............
....##########S##..............
.............lg##..............
.............g####.<...........
......†....g#####..............
...............................
.....#........#######.........#
...g..#!.###### ##.....#..#
........## ###..##..#


You could see a water moccasin (very poisoned), an iguana and 3 gnolls.

Vanquished Creatures
  Duvessa (D:4)
  A water moccasin (D:5)
  3 black bears
  A centaur (D:5)
  2 ogres
  A scorpion (D:5)
  Dowan (D:4)
  2 howler monkeys (D:4)
  2 hounds
  2 jellies (D:4)
  An orc priest (D:3)
  A sleepcap (D:4)
  2 orc wizards (D:3)
  3 iguanas (D:5)
  Ijyb (D:4)
  2 adders
  A gnoll (D:1)
  An ufetubus (D:4)
  3 worms
  3 dart slugs (D:2)
  9 orcs
  4 ball pythons
  7 endoplasms
  3 giant cockroaches
  9 goblins
  2 hobgoblins
  3 jackals (D:1)
  5 kobolds
  3 quokkas
  8 bats
  6 frilled lizards
  A rat (D:3)
94 creatures vanquished.

Notes
Turn   | Place    | Note
-------+----------+-------------------------------------------
     0 | D:1      | Flugkiller the Vine Stalker Gladiator began the quest for
                  | the Orb.
     0 | D:1      | Reached XP level 1. HP: 11/11 MP: 2/2
   143 | D:1      | Reached skill level 3 in Short Blades
   143 | D:1      | Reached XP level 2. HP: 4/15 MP: 0/3
   248 | D:1      | Reached XP level 3. HP: 18/18 MP: 4/4
   454 | D:1      | You fall into a shaft and drop 1 floor!
  1063 | D:2      | Reached XP level 4. HP: 22/23 MP: 5/5
  1298 | D:3      | Reached XP level 5. HP: 16/28 MP: 4/6
  1360 | D:3      | Noticed a black bear
  1371 | D:3      | Killed a black bear
  1372 | D:3      | Reached skill level 4 in Short Blades
  1448 | D:3      | Reached XP level 6. HP: 31/32 MP: 4/7
  1991 | D:4      | Noticed Ijyb
  2003 | D:4      | Killed Ijyb
  2195 | D:4      | Reached XP level 7. HP: 37/37 MP: 8/8
  2196 | D:4      | Noticed Duvessa
  2196 | D:4      | Noticed Dowan
  2278 | D:4      | Killed Duvessa
  2350 | D:4      | Killed Dowan
  2576 | D:4      | Reached skill level 5 in Short Blades
  2693 | D:5      | Entered Level 5 of the Dungeon
  2693 | D:5      | Found an iron altar of Okawaru.
  2713 | D:5      | Gained mutation: You have razor-sharp teeth. [Vine Stalker
                  | growth]
  2713 | D:5      | Reached XP level 8. HP: 42/42 MP: 9/9
  2715 | D:5      | Identified the +0 ring mail of Gaocvif {rN+ Will+ Dex+4}
  2864 | D:5      | Reached skill level 5 in Fighting
  2871 | D:5      | Reached skill level 5 in Dodging
  3277 | D:5      | Noticed Menkaure
  3279 | D:5      | Reached skill level 6 in Short Blades
  3292 | D:5      | HP: 1/44 [poisoned by a water moccasin]
  3292 | D:5      | Slain by a water moccasin

Illustrated notes

Levels and vault maps discovered:
D:1:      elethiomel_arrival_quiet, layout_basic, kennysheep_doodads
D:2:      layout_loops_ring
D:3:      layout_loops_ring
D:4:      layout_basic, st_stairs_9, minmay_unequal, uniq_duvessa, uniq_ijyb
D:5:      layout_cave_pods, mainiacjoe_overflow_small_starburst,
          minmay_temple_entry_trees, chequers_jeans, minmay_fractal_squares_5,
          uniq_menkaure

Skill      XL: |  1  2  3  4  5  6  7  8 |
---------------+-------------------------+-----
Fighting       | 2 3 4 5 |  5.7
Short Blades   | 3 4 5 6 |  6.0
Dodging        | 3 4 5 |  5.4
Throwing       | |  1.7

Action                     |  1- 3 |  4- 6 |  7- 9 || total
---------------------------+-------+-------+-------++-------
  Melee: Rapier            |   101 |    45 |       ||   146
         Bite              |    23 |    44 |    36 ||   103
         Punch             |     1 |     1 |     4 ||     6
         Dagger            |       |    74 |   102 ||   176
    Use: Scroll            |       |     2 |       ||     2
         Potion            |       |       |     2 ||     2
   Stab: Sleeping          |       |     2 |       ||     2
         Distracted        |       |       |     1 ||     1
 Armour: Leather armour    |    59 |    52 |    34 ||   145
         Ring mail         |       |       |    33 ||    33
  Dodge: Dodged            |    61 |    55 |    69 ||   185

Table legend: (Time is in decaauts)
 A = Elapsed time spent in this place.
 B = Non-inter-level travel time spent in this place.
 C = Inter-level travel time spent in this place.
 D = Time resting spent in this place.
 E = Time spent auto-exploring this place.
 F = Levels seen in this place.
 G = Mean time per level.
                   A        B        C        D        E       F      G
               +--------+--------+--------+--------+--------+-----+--------+
         Total |   3256 |   3074 |    182 |    240 |   2021 |   5 |  651.2 |
       Dungeon |   3256 |   3074 |    182 |    240 |   2021 |   5 |  651.2 |
               +--------+--------+--------+--------+--------+-----+--------+

Top non-repeatable levels by time:
     D:3: 814 daAuts
     D:2: 738 daAuts
     D:4: 733 daAuts
     D:5: 513 daAuts
     D:1: 457 daAuts
